 Dungeon Crawl Stone Soup version 0.30-a0-374-g95c0257040 (webtiles) character file.

Game seed: 2490089649712724146

1960 arthad the Chopper (level 9, -3/72 (74) HPs)
             Began as a Gnoll Cinder Acolyte on Nov 26, 2022.
             Was a Priest of Ignis.
             Slain by a wight
             ... wielding a +3 morningstar
              (14 damage)
             ... on level 6 of the Dungeon.
             The game lasted 00:26:08 (6637 turns).

arthad the Chopper (Gnoll Cinder Acolyte)           Turns: 6637, Time: 00:26:09

HP:   -3/72 (74)    AC:  3    Str: 13    XL:     9   Next: 19%
MP:   5/16          EV: 16    Int: 23    God:    Ignis [***...]
Gold: 142           SH:  0    Dex:  9    Spells: 2/18 levels left

rFire   + . .      SeeInvis .    r - +4 sling
rCold   . . .      Faith    .    (no shield)
rNeg    . . .      Spirit   .    b - +1 robe
rPois   .          Reflect  .    (no helmet)
rElec   .          Harm     .    (no cloak)
rCorr   .          Rampage  .    (no gloves)
Will    .....                    (no boots)
Stlth   ++........               (no amulet)
HPRegen 0.32/turn                h - +4 ring of evasion
MPRegen 0.15/turn                c - +6 ring of intelligence

@: very slightly contaminated, lightly drained
A: fangs 1, strong nose, distributed training
a: Renounce Religion, Fiery Armour, Foxfire Swarm, Rising Flame


You were on level 6 of the Dungeon.
You worshipped Ignis.
Ignis was most pleased with you.
You visited 1 branch of the dungeon, and saw 6 of its levels.
You also visited: Sewer.

You collected 373 gold pieces.
You spent 231 gold pieces at shops.

Inventory:

Hand Weapons
 a - a -1 hand axe of flaming
 m - a +1 vorpal hand axe
 r - a +4 sling (weapon)
 w - a +0 broad axe
 F - the +5 rapier of Dismemberment {holy, Int+3}
   (You bought it in a shop on level 2 of the Dungeon)

   It has been blessed by the Shining One to cause great damage to the undead
   and demons.
   Int:       It affects your intelligence (+3).
Missiles
 e - 26 poisoned darts
 g - 2 throwing nets
 A - 6 javelins
Armour
 b - a +1 robe (worn)
 s - a +0 tower shield
 H - a +0 helmet
Magical Staves
 q - a staff of air
 x - a staff of fire
 D - a staff of earth
Jewellery
 c - a +6 ring of intelligence (right hand)
 h - a +4 ring of evasion (left hand)
Wands
 v - a wand of polymorph (9)
Scrolls
 d - a scroll of immolation
 i - 3 scrolls of teleportation
 j - 2 scrolls of enchant armour
 n - a scroll of amnesia
 p - a scroll of blinking {unknown}
 y - a scroll of noise
 z - a scroll of fear
 B - a scroll of vulnerability
 C - a scroll of identify
Potions
 f - 2 potions of brilliance
 k - 4 potions of lignification
 l - 2 potions of degeneration
 o - 4 potions of might
 t - a potion of curing
 u - 2 potions of mutation
 G - 2 potions of magic


   Skills:
 + Level 7.8 Fighting
 + Level 4.1 Short Blades
 + Level 4.1 Long Blades
 + Level 7.8 Axes
 + Level 4.1 Maces & Flails
 + Level 4.1 Polearms
 + Level 4.1 Staves
 + Level 4.1 Ranged Weapons
 + Level 4.1 Throwing
 + Level 4.1 Armour
 + Level 4.1 Dodging
 + Level 4.1 Stealth
 + Level 4.1 Shields
 + Level 4.1 Unarmed Combat
 + Level 5.1 Spellcasting
 + Level 3.4 Conjurations
 + Level 3.4 Hexes
 + Level 3.4 Summonings
 + Level 3.4 Necromancy
 + Level 3.4 Translocations
 + Level 3.4 Transmutations
 + Level 6.5 Fire Magic
 + Level 3.4 Ice Magic
 + Level 3.4 Air Magic
 + Level 3.4 Earth Magic
 + Level 3.4 Poison Magic
 + Level 4.5 Invocations
 + Level 4.1 Evocations


You had 2 spell levels left.
You knew the following spells:

 Your Spells              Type           Power      Damage    Failure   Level
a - Scorch                Fire           70%        2d8       1%          2
b - Sting                 Tmut/Pois      84%        1d7       2%          1
c - Poisonous Vapours     Pois/Air       42%        N/A       3%          2
d - Olgreb's Toxic Radia  Pois           21%        N/A       22%         4
e - Dispel Undead         Necr           21%        3d11      22%         4
f - Confusing Touch       Hex            21%        N/A       7%          3

Your spell library contained the following spells:

 Spells                   Type           Power      Damage    Failure   Level
 Kiss of Death            Conj/Necr      84%        2d11      2%          1


Dungeon Overview and Level Annotations

Branches:
Dungeon (6/15)              Sewer (visited)
 Temple: D:4-7

Altars:
Ashenzari
Cheibriados
Gozag
Yredelemnul

Shops:
D:1 =*[   D:2 :(?=(

Annotations:
D:1 1 runed translucent door


Innate Abilities, Weirdness & Mutations

You have very sharp teeth.
Your uncanny sense of smell can sniff out nearby items.
Your experience applies equally to all skills.


Message History

Casting: Dispel Undead (dangerous; 22% risk of failure)
Confirm with . or Enter, or press ? or * to list all spells.
You don't have enough magic to cast this spell.
The wight is no longer more vulnerable to fire.
The wight hits you with a +3 morningstar!
* * * LOW HITPOINT WARNING * * *
The wight barely misses you.
Unknown command.
You feel better. The wight closely misses you. The wight barely misses you.
Magic courses through your body. The wight completely misses you. x2
Casting: Dispel Undead (dangerous; 22% risk of failure)
Confirm with . or Enter, or press ? or * to list all spells.
Aiming: Dispel Undead (dangerous; 22% risk of failure)
Press: ? - help, Shift-Dir - straight line, f - wight
Aim: a wight, wielding a +0 halberd of freezing and wearing a +0 robe (heavily damaged, more vulnerable to fire, 100% to hit)
You miscast Dispel Undead.
You are very lightly contaminated with residual magic.
Nothing appears to happen.
The wight barely misses you.
The wight hits you with a +0 halberd of freezing.
* * * LOW HITPOINT WARNING * * *
The wight freezes you.
* * * LOW HITPOINT WARNING * * *
Unknown command.
Casting: Dispel Undead (dangerous; 22% risk of failure)
Confirm with . or Enter, or press ? or * to list all spells.
Aiming: Dispel Undead (dangerous; 22% risk of failure)
Press: ? - help, Shift-Dir - straight line, f/p - wight
Aim: a wight, wielding a +0 halberd of freezing and wearing a +0 robe (heavily damaged, more vulnerable to fire, 100% to hit)
You miscast Dispel Undead.
Pain shoots through your body.
You feel drained.
* * * LOW HITPOINT WARNING * * *
The wight barely misses you. The wight closely misses you.
Casting: Dispel Undead (dangerous; 22% risk of failure)
Confirm with . or Enter, or press ? or * to list all spells.
Aiming: Dispel Undead (dangerous; 22% risk of failure)
Press: ? - help, Shift-Dir - straight line, f/p - wight
Aim: a wight, wielding a +0 halberd of freezing and wearing a +0 robe (heavily damaged, more vulnerable to fire, 100% to hit)
You miscast Dispel Undead.
Nothing appears to happen.
The wight is no longer more vulnerable to fire.
The wight hits you with a +3 morningstar!
You die...

,,,,*,,,,,,,*
##.##
,,,*,,,,,,,**
#..#
,,,**,,,,,,*
#..#
,,***,,,,,,**
##..# ,,*
*,,,**,,* #..##
,** **,***,,**
##..# ,* ***
**,,**#...#***
**
**,,##..##,,**
*
*,,#.@z#,,,,**
**
*#....z......#
,**
#...........#*
,,*
##...........**
*,**
#...#?......,*
*,,**
##..#.......,**
**,,**
#..##......,,*
**,,**
#..#*......,**
**..######
#..#**,,,**** *


You could see 2 wights.

Vanquished Creatures
  Grinder (D:3)
  A steam dragon (D:5)
  2 black bears
  An ogre (D:5)
  A centaur (D:6)
  A kobold brigand (Sewer)
  A gnoll sergeant (D:5)
  A necrophage (D:5)
  3 scorpions
  3 wights (D:6)
  2 quasits (Sewer)
  2 hounds (D:5)
  2 jellies (D:6)
  3 orc priests
  A gnoll bouda (D:5)
  An iguana (D:5)
  An orc wizard (D:6)
  7 adders
  17 gnolls
  A river rat (D:6)
  3 shadow imps
  4 ufetubi
  A worm (D:2)
  3 dart slugs
  18 orcs
  8 ball pythons
  6 bats
  A bat zombie (Sewer)
  6 endoplasms
  5 giant cockroaches
  6 goblins
  2 hobgoblins
  4 jackals (D:5)
  21 kobolds
  3 quokkas
  4 frilled lizards
  A kobold zombie (Sewer)
  3 rats
151 creatures vanquished.

Vanquished Creatures (others)
  2 kobold zombies (Sewer)
  43 foxfires (D:5)
  4 toadstools (D:1)
49 creatures vanquished.

Grand Total: 200 creatures vanquished

Notes
Turn   | Place    | Note
-------+----------+-------------------------------------------
     0 | D:1      | arthad the Gnoll Cinder Acolyte began the quest for the
                  | Orb.
     0 | D:1      | Reached XP level 1. HP: 23/23 MP: 4/4
     1 | D:1      | Found a runed translucent door.
    69 | D:1      | Found Eshyrepn's Jewellery Boutique.
    90 | D:1      | Reached XP level 2. HP: 24/29 MP: 5/5
   130 | D:1      | Found Ypaob's Assorted Antiques.
   316 | D:1      | Found a faded altar of an unknown god.
   526 | D:1      | Found Giazarun's Antique Armour Boutique.
   786 | D:1      | Bought a scroll labelled BOIMOTAYMM for 24 gold pieces
   786 | D:1      | Bought a viscous grey potion for 21 gold pieces
   786 | D:1      | Bought a scroll labelled KYNOJ ANOAT for 24 gold pieces
   789 | D:1      | Learned a level 2 spell: Scorch
   853 | D:2      | Reached XP level 3. HP: 35/35 MP: 4/7
   899 | D:2      | Reached skill level 1 in Invocations
   955 | D:2      | Found Motapiy's Jewellery Shop.
  1067 | D:2      | Found an opulent altar of Gozag.
  1082 | D:2      | Found Qaufys's Magic Scroll Boutique.
  1095 | D:2      | Reached skill level 1 in Short Blades
  1095 | D:2      | Reached skill level 1 in Long Blades
  1095 | D:2      | Reached skill level 1 in Maces & Flails
  1095 | D:2      | Reached skill level 1 in Polearms
  1095 | D:2      | Reached skill level 1 in Staves
  1095 | D:2      | Reached skill level 1 in Ranged Weapons
  1095 | D:2      | Reached skill level 1 in Throwing
  1095 | D:2      | Reached skill level 1 in Armour
  1095 | D:2      | Reached skill level 1 in Dodging
  1095 | D:2      | Reached skill level 1 in Stealth
  1095 | D:2      | Reached skill level 1 in Shields
  1095 | D:2      | Reached skill level 1 in Unarmed Combat
  1095 | D:2      | Reached skill level 1 in Evocations
  1238 | D:2      | Found Otuy's Antique Weapon Emporium.
  1313 | D:2      | Found Pessaz Kathi's Antique Weapon Emporium.
  1416 | D:2      | Reached XP level 4. HP: 41/41 MP: 1/8
  1851 | D:2      | Reached skill level 1 in Conjurations
  1851 | D:2      | Reached skill level 1 in Hexes
  1851 | D:2      | Reached skill level 1 in Summonings
  1851 | D:2      | Reached skill level 1 in Necromancy
  1851 | D:2      | Reached skill level 1 in Translocations
  1851 | D:2      | Reached skill level 1 in Transmutations
  1851 | D:2      | Reached skill level 1 in Ice Magic
  1851 | D:2      | Reached skill level 1 in Air Magic
  1851 | D:2      | Reached skill level 1 in Earth Magic
  1851 | D:2      | Reached skill level 1 in Poison Magic
  1906 | D:2      | Found Boemiul's Book Shoppe.
  2039 | D:3      | Noticed Grinder
  2469 | D:3      | Found a broken altar of Ashenzari.
  2479 | D:3      | Noticed a black bear
  2498 | D:3      | Killed Grinder
  2499 | D:3      | Reached XP level 5. HP: 13/47 MP: 1/10
  2499 | D:3      | Reached XP level 6. HP: 15/53 MP: 1/11
  2711 | D:3      | Killed a black bear
  2999 | D:4      | You fall into a shaft and drop 1 floor!
  2999 | D:5      | Entered Level 5 of the Dungeon
  3154 | D:4      | Found a basalt altar of Yredelemnul.
  3319 | D:4      | Found a snail-covered altar of Cheibriados.
  3326 | D:4      | Reached XP level 7. HP: 59/59 MP: 1/12
  3431 | D:4      | Found an opulent altar of Gozag.
  4126 | D:5      | Reached XP level 8. HP: 67/67 MP: 11/14
  5241 | D:2      | Bought a brightly glowing rapier for 162 gold pieces
  5241 | D:2      | Identified the +5 rapier of Dismemberment {holy, Int+3}
                  | (You bought it in a shop on level 2 of the Dungeon)
  5553 | D:6      | Found a glowing drain.
  5579 | Sewer    | Entered a sewer
  5717 | Sewer    | Found a burning altar of Makhleb.
  6079 | D:6      | Reached XP level 9. HP: 55/73 MP: 16/16
  6158 | D:6      | Learned a level 1 spell: Sting
  6161 | D:6      | Learned a level 2 spell: Poisonous Vapours
  6166 | D:6      | Learned a level 4 spell: Olgreb's Toxic Radiance
  6171 | D:6      | Learned a level 4 spell: Dispel Undead
  6175 | D:6      | Learned a level 3 spell: Confusing Touch
  6405 | D:6      | Reached skill level 5 in Spellcasting
  6637 | D:6      | Slain by a wight

Illustrated notes

Levels and vault maps discovered:
D:1:      dpeg_arrival_caged_fury, layout_basic,
          chequers_ecumenical_altar_twisty, serial_shops, shop, shop, shop,
          columned_hall_lemuel, minmay_gold_behind_fungi
D:2:      wander_river, layout_loops_ring, basic_altar, serial_shops, shop,
          shop, nicolae_shop_advertising_works [nicolae_subvault_shop_adworks],
          shop_scrolls, shop_statue
D:3:      layout_basic, nicolae_ashenzari_skybound, serial_glass,
          glass_columns_a, glass_columns_b, uniq_grinder
D:4:      layout_basic, mainiacjoe_overflow_tiny_flanked,
          mainiacjoe_overflow_large_starburst, minmay_misc_feat_enclosed,
          hangedman_abyss_or_decor_stagger, amcnicky_mini_corridor_feature,
          corexii_hall_statues_l
D:5:      layout_gridville, minmay_fractal_squares_diagonal_5
D:6:      layout_cave_pods, portal_sewer_entry_a

Skill      XL: |  1  2  3  4  5  6  7  8  9 |
---------------+----------------------------+-----
Invocations    | 1 2 3 4 |  4.5
Short Blades   | 1 2 3 4 |  4.1
Long Blades    | 1 2 3 4 |  4.1
Maces & Flails | 1 2 3 4 |  4.1
Polearms       | 1 2 3 4 |  4.1
Staves         | 1 2 3 4 |  4.1
Ranged Weapons | 1 2 3 4 |  4.1
Throwing       | 1 2 3 4 |  4.1
Armour         | 1 2 3 4 |  4.1
Dodging        | 1 2 3 4 |  4.1
Stealth        | 1 2 3 4 |  4.1
Shields        | 1 2 3 4 |  4.1
Unarmed Combat | 1 2 3 4 |  4.1
Evocations     | 1 2 3 4 |  4.1
Spellcasting   | 3 4 5 |  5.1
Conjurations   | 1 2 3 |  3.4
Hexes          | 1 2 3 |  3.4
Summonings     | 1 2 3 |  3.4
Necromancy     | 1 2 3 |  3.4
Translocations | 1 2 3 |  3.4
Transmutations | 1 2 3 |  3.4
Ice Magic      | 1 2 3 |  3.4
Air Magic      | 1 2 3 |  3.4
Earth Magic    | 1 2 3 |  3.4
Poison Magic   | 1 2 3 |  3.4
Fighting       | 7 |  7.8
Axes           | 7 |  7.8
Fire Magic     | 6 |  6.5

Action                   |  1- 3 |  4- 6 |  7- 9 || total
-------------------------+-------+-------+-------++-------
Melee: Hand axe          |    59 |    25 |    25 ||   109
       Bite              |     3 |     2 |     3 ||     8
       Punch             |       |       |     3 ||     3
       Staff             |       |       |    21 ||    21
 Fire: Sling             |       |       |   147 ||   147
Throw: Dart              |     6 |       |       ||     6
 Cast: Scorch            |    16 |    43 |    74 ||   133
       Dispel Undead     |       |       |     1 ||     1
Invok: Foxfire Swarm     |       |       |     3 ||     3
       Fiery Armour      |       |       |     1 ||     1
  Use: Scroll            |     3 |     3 |    12 ||    18
       Potion            |       |       |     5 ||     5
Armor: Robe              |    11 |     4 |    38 ||    53
Dodge: Dodged            |    29 |    26 |   209 ||   264

Table legend: (Time is in decaauts)
 A = Elapsed time spent in this place.
 B = Non-inter-level travel time spent in this place.
 C = Inter-level travel time spent in this place.
 D = Time resting spent in this place.
 E = Time spent auto-exploring this place.
 F = Levels seen in this place.
 G = Mean time per level.
                   A        B        C        D        E       F      G
               +--------+--------+--------+--------+--------+-----+--------+
         Total |   6696 |   6263 |    433 |    680 |   4437 |   7 |  956.6 |
       Dungeon |   6189 |   5756 |    433 |    680 |   4160 |   6 | 1031.5 |
         Sewer |    506 |    506 |      0 |      0 |    277 |   1 |  506.0 |
               +--------+--------+--------+--------+--------+-----+--------+

Top non-repeatable levels by time:
     D:5: 1475 daAuts
     D:2: 1379 daAuts
     D:3: 999 daAuts
     D:1: 815 daAuts
     D:6: 773 daAuts
     D:4: 746 daAuts
   Sewer: 506 daAuts
